Map: Acid Plant LE

Players

HottKoolAid - Winner!

  • Race: Zerg Zerg
  • League: Diamond
  • Spawn Location: 11:00

ImTaurus

  • Race: Terran Terran
  • League: Diamond
  • Spawn Location: 5:00

VOD

Have the link to the VOD?

Description

Time

  • Played on: Oct. 12, 2018, 8:30 p.m.
  • Length: 15:35
Show
View Real Time Build Order
Export as new Build Order

HottKoolAid Zerg - Winner!

Build Orders: Hatch First 

Get SALT Encoding   

  12  0:01  Drone  
  13  0:13  Overlord  
  13  0:19  Drone  
  14  0:32  Drone x2  
  16  0:36  Drone  
  17  0:54  Hatchery  
  16  0:58  Drone  
  16  1:01  Drone  
  18  1:12  Extractor  
  18  1:17  Spawning Pool  
  16  1:21  Drone  
  16  1:22  Drone  
  18  1:29  Drone  
  19  1:40  Overlord  
  19  2:01  Drone  
  19  2:03  Drone  
  19  2:05  Queen  
  19  2:06  Queen  
  25  2:31  Spore Crawler  
  25  2:33  Zergling x4  
  25  2:42  Drone x2  
  28  2:52  Drone x2  
  28  2:53  Drone x2  
  28  2:56  Overlord  
  32  3:01  Queen x2  
  32  3:05  Metabolic Boost  
  36  3:18  Hatchery  
  35  3:23  Drone x2  
  35  3:24  Drone x2  
  39  3:36  Overlord  
  39  3:38  Overlord  
  39  3:49  Drone x3  
  39  3:50  Drone x2  
  44  3:57  Drone x5  
  44  3:58  Drone  
  44  4:01  Overlord  
  50  4:16  Extractor x2  
  48  4:19  Baneling Nest  
  48  4:22  Lair, Evolution Chamber  
  46  4:27  Zergling x8  
  50  4:32  Queen  
  52  4:43  Drone x7  
  59  4:49  Zerg Ground Armor Level 1  
  59  5:00  Overlord  
  59  5:02  Overlord  
  59  5:09  Overlord x2  
  59  5:24  Drone x13  
  72  5:31  Centrifical Hooks, Hydralisk Den  
  72  5:34  Zergling x2  
  71  5:54  Queen x3  
  77  6:00  Drone x4  
  77  6:02  Extractor  
  77  6:03  Drone x6  
  77  6:04  Drone x2  
  88  6:14  Spore Crawler  
  88  6:16  Hydralisk  
  89  6:21  Overlord x4  
  85  6:47  Hydralisk  
  85  6:48  Hydralisk x9  
  103  7:00  Extractor  
  97  7:13  Hatchery  
  94  7:17  Drone x2  
  94  7:18  Drone x3  
  99  7:23  Hydralisk x4  
  99  7:24  Extractor  
  106  7:37  Hatchery, Zergling x8  
  106  7:38  Zergling x2  
  110  7:45  Muscular Augments  
  110  7:59  Drone x4  
  110  8:01  Overlord x4  
  110  8:02  Overlord  
  114  8:10  Baneling  
  114  8:11  Baneling x11  
  114  8:20  Infestation Pit  
  114  8:25  Queen  
  115  8:27  Hydralisk  
  115  8:28  Hydralisk x4  
  115  8:30  Zergling x10  
  115  8:31  Zergling x2  
  121  8:41  Overlord  
  121  8:47  Drone  
  121  8:48  Drone x4  
  126  8:53  Zerg Ground Armor Level 2  
  126  8:57  Grooved Spines  
  126  8:58  Evolution Chamber  
  125  9:03  Overlord  
  125  9:13  Hydralisk x3, Hive  
  125  9:14  Hydralisk x5  
  141  9:23  Queen  
  141  9:24  Queen  
  145  9:38  Spire, Zergling x28  
  146  10:17  Zerg Missile Weapons Level 1  
  146  10:20  Zergling x28  
  146  10:21  Zergling x14  
  167  10:30  Baneling x8  
  167  10:37  Hatchery  
  167  10:41  Viper x4  
  170  11:00  Overlord x5  
  153  11:20  Hydralisk x15  
  177  11:27  Hatchery  
  155  11:40  Hydralisk x6  
  155  11:41  Hydralisk  
  166  11:59  Zergling x10  
  166  12:00  Zergling x38  
  190  12:08  Extractor  
  190  12:09  Extractor  
  190  12:11  Drone  
  190  12:12  Drone x4  
  193  12:23  Hatchery  
  170  12:54  Zergling x2  
  170  12:55  Zergling x54  
  197  13:02  Zerg Missile Weapons Level 2  
  165  13:39  Hydralisk x3  
  165  13:40  Hydralisk x16  
  171  14:18  Zergling x2  
  171  14:19  Zergling x34  
  171  14:21  Queen  
Show
View Real Time Build Order
Export as new Build Order

ImTaurus Terran 

Build Orders: Reaper Expand, Mech 

Get SALT Encoding   

  12  0:01  SCV  
  13  0:13  SCV  
  14  0:17  Supply Depot  
  14  0:25  SCV  
  15  0:36  Refinery  
  15  0:41  Barracks  
  15  0:44  SCV  
  16  0:56  SCV  
  17  1:08  SCV  
  18  1:20  SCV  
  19  1:28  Reaper  
  20  1:36  Command Center  
  20  1:46  Orbital Command  
  20  1:58  Supply Depot  
  20  2:05  Refinery  
  20  2:17  Barracks Reactor  
  20  2:21  SCV  
  21  2:23  Factory  
  21  2:33  SCV  
  22  2:46  SCV  
  22  2:49  Orbital Command  
  23  2:58  SCV  
  24  3:04  Barracks Reactor  
  24  3:08  Starport  
  24  3:10  SCV  
  24  3:11  Supply Depot  
  25  3:16  Hellion x2  
  25  3:18  SCV  
  30  3:22  SCV  
  31  3:36  Supply Depot  
  31  3:37  SCV, Hellion x2  
  31  3:38  SCV  
  37  3:50  SCV  
  37  3:53  Viking  
  37  3:54  Barracks Tech Lab, Viking  
  42  3:57  SCV  
  42  4:02  SCV  
  44  4:04  Supply Depot  
  44  4:09  SCV  
  45  4:14  SCV  
  46  4:20  Armory, Factory  
  46  4:21  Barracks Tech Lab, Liberator  
  46  4:23  Engineering Bay  
  49  4:40  Hellion x2  
  53  4:47  Supply Depot  
  53  5:05  Factory  
  53  5:10  Command Center  
  53  5:16  Refinery  
  53  5:19  Refinery  
  53  5:27  SCV  
  53  5:28  SCV  
  55  5:39  Supply Depot  
  55  5:40  SCV x2  
  57  5:52  SCV x2  
  59  5:58  Siege Tank x2  
  59  5:59  Hellion x2  
  59  6:03  Supply Depot  
  59  6:04  SCV x2  
  71  6:16  SCV x2  
  73  6:21  Planetary Fortress  
  73  6:28  SCV x2  
  73  6:30  Siege Tank x2  
  81  6:44  SCV x2  
  78  6:56  SCV  
  78  6:57  SCV  
  78  7:02  Thor  
  71  7:25  SCV x3  
  74  7:31  Refinery  
  74  7:40  Command Center  
  74  7:43  Factory  
  74  7:44  Refinery  
  74  7:46  Barracks Tech Lab, Factory  
  74  7:48  Terran Vehicle Weapons Level 1  
  74  7:50  Factory  
  74  7:51  Armory, SCV x3  
  77  8:03  SCV x3  
  80  8:15  Sensor Tower, SCV x3  
  80  8:17  Thor, Supply Depot  
  80  8:18  Thor  
  80  8:19  Hellion  
  97  8:27  SCV  
  98  8:36  Supply Depot  
  98  8:42  SCV x2  
  98  8:43  SCV  
  98  8:46  Factory Tech Lab  
  98  8:47  Factory Tech Lab x2  
  101  8:49  Hellbat x2  
  101  8:54  Terran Vehicle And Ship Armor Level 1  
  105  8:56  Infernal Pre-Igniter  
  105  9:00  Supply Depot  
  105  9:01  Hellbat  
  107  9:06  Viking x2  
  111  9:10  Planetary Fortress  
  111  9:15  Command Center  
  111  9:23  SCV x3  
  113  9:31  Refinery  
  113  9:35  SCV x3  
  116  9:40  Refinery  
  116  9:44  Sensor Tower  
  116  9:46  Siege Tank x3  
  116  9:47  SCV x3  
  127  9:53  Command Center  
  127  9:57  Siege Tank  
  127  9:59  SCV  
  131  10:06  Thor  
  137  10:13  SCV  
  137  10:14  SCV  
  139  10:15  Supply Depot  
  139  10:20  Supply Depot  
  139  10:23  SCV x2  
  139  10:26  Siege Tank, SCV x2  
  146  10:29  Hellbat  
  148  10:38  Supply Depot  
  148  10:43  Supply Depot  
  144  10:54  Hellbat x2  
  144  10:55  Hellbat x4  
  150  10:59  Hellbat  
  152  11:15  Thor  
  152  11:16  Hellbat x4  
  152  11:17  Hellbat  
  159  11:20  Hellbat  
  130  11:30  Terran Vehicle Weapons Level 2, Terran Vehicle And Ship Armor Level 2  
  128  11:36  SCV x4  
  128  11:37  Hellbat x2  
  128  11:38  Hellbat  
  134  11:42  Siege Tank x3  
  143  11:52  Planetary Fortress  
  143  11:58  Thor  
  143  12:00  Supply Depot  
  149  12:01  Supply Depot  
  149  12:04  SCV x2  
  149  12:05  SCV x2  
  149  12:07  Siege Tank  
  156  12:09  Hellbat x2  
  160  12:16  SCV  
  160  12:19  Siege Tank x2  
  160  12:20  Siege Tank  
  170  12:23  Supply Depot, Viking x2  
  170  12:25  Supply Depot  
  172  12:39  Siege Tank  
  172  12:41  Siege Tank  
  158  12:46  Supply Depot  
  158  12:48  Supply Depot  
  158  12:50  Hellbat x2  
  139  12:51  Siege Tank x2  
  139  12:52  Siege Tank  
  142  13:11  Siege Tank  
  142  13:12  Hellbat x2  
  149  13:14  Hellbat  
  141  13:24  Siege Tank, Thor, Hellbat  
  136  13:33  Hellion x2  
  128  13:35  Siege Tank  
  119  13:41  SCV x3  
  119  13:43  Siege Tank  
  119  13:45  Siege Tank  
  127  14:00  Siege Tank  
  127  14:01  Hellion x2  
  134  14:07  Siege Tank x2  
  140  14:15  Hellion  
  142  14:17  Hellion  
  142  14:23  Command Center  
  144  14:29  Hellbat x2  
  148  14:32  Hellbat  
  150  14:53  Hellbat x4  
Tags
 
Add a new tag
Caveats
  • Supply blocks, unpowered buildings, or Contaminate may cause inaccurate times.
  • Supply counts are checked every 10 seconds.